 Dungeon Crawl Stone Soup version 0.30-b1-2-g02819fbbbe (webtiles) character file.

Game seed: 2003438751331971506

27 Alarkh the Shooter (level 2, 0/21 HPs)
             Began as a Demonspawn Hexslinger on July 7, 2023.
             Slain by a gnoll
             ... wielding a +0 club
              (2 damage)
             ... on level 1 of the Dungeon.
             The game lasted 00:00:47 (568 turns).

Alarkh the Shooter (Demonspawn Hexslinger)           Turns: 568, Time: 00:00:48

Health: 0/21       AC:  2    Str:  9 (10) XL:     2   Next: 93%
Magic:  3/3        EV: 12    Int: 12 (14) God:
Gold:   54         SH:  0    Dex: 10 (13) Spells: 2/3 levels left

rFire   . . .        a - +1 sling
rCold   . . .        (no shield)
rNeg    . . .        c - +0 robe
rPois   .            (no helmet)
rElec   .            (no cloak)
rCorr   .            (no gloves)
SInv    .            (no boots)
Will    .....        (no amulet)
Stlth   +            (no ring)
HPRegen 0.23/turn    (no ring)
MPRegen 0.08/turn

%: no passive effects
@: no status effects
A: claws 1
a: no special abilities


You were on level 1 of the Dungeon.
You visited 1 branch of the dungeon, and saw 2 of its levels.

You collected 54 gold pieces.

Inventory:

Hand Weapons
 a - a +1 sling (weapon)
 b - a +0 dagger of speed
Armour
 c - a +0 robe (worn)
Scrolls
 d - a scroll of poison
 e - a scroll of enchant weapon {unknown}
 f - a scroll of blinking {unknown}
 g - a scroll of identify {unknown}


   Skills:
 - Level 1.0 Fighting
 + Level 3.1 Ranged Weapons
 - Level 1.7 Dodging
 - Level 1.0 Spellcasting
 - Level 3.0 Hexes


You had 2 spell levels left.
You knew the following spells:

 Your Spells              Type           Power      Damage    Failure   Level
a - Slow                  Hex            28%        N/A       9%          1

Your spell library contained the following spells:

 Spells                   Type           Power      Damage    Failure   Level
 Inner Flame              Hex/Fire       4%         N/A       43%         3
 Portal Projectile        Hex/Tloc       8%         N/A       43%         3
 Cause Fear               Hex            3%         N/A       65%         4


Dungeon Overview and Level Annotations

Branches:
Dungeon (2/15)

Altars:


Innate Abilities, Weirdness & Mutations

You have sharp fingernails.


Message History

You feel sick.
You are no longer poisoned.
HP restored.
You now have 54 gold pieces (gained 10).
A bat comes into view.
You shoot a sling bullet. The gnoll shouts!
The sling bullet hits the bat.
You kill the bat!
You shoot a sling bullet. The sling bullet hits the gnoll.
The gnoll is moderately wounded.
A bat comes into view.
The bat moves out of view.
The gnoll shouts!
You hear a shout!
There is a stone staircase leading up here.
You shoot a sling bullet.
The sling bullet barely misses the gnoll.
You shoot a sling bullet. The sling bullet hits the gnoll.
The gnoll is severely wounded.
The gnoll hits you with a +0 club.
You shoot a sling bullet.
The sling bullet barely misses the gnoll. x2
The gnoll misses you.
The gnoll hits you from afar with a +0 halberd.
You climb upwards.
There is a stone staircase leading down here.
You shoot a sling bullet.
The sling bullet closely misses the gnoll.
The gnoll hits you with a +0 club.
You are too injured to fight recklessly!
You are too injured to fight recklessly!
You shoot a sling bullet.
The sling bullet barely misses the gnoll.
The gnoll hits you with a +0 club.
* * * LOW HITPOINT WARNING * * *
It was a potion of degeneration.
There was something very wrong with that liquid.
You feel weakened.
You feel dopey.
You feel clumsy. The gnoll hits you with a +0 club.
You die...

..#####.### ..........#
########### #.........#
#.........# #.........#
#.........# #..#......#
#.........# ♣♣♣#....###
####.....##### ♣♣♣#.#..#
#.......##########
...#.#..#####.##.####....>...#
...#...........g@...#).......#
.8.#.......#........#........#
...#.........................#
...#.......#........#........#
.8.#..###..#........#........#
...#..# ##.#..#######........#
...#..## #.#.## ##########
...#...###...###
...#......##...#


You could see a gnoll.

Vanquished Creatures
  An adder (D:2)
  A dart slug (D:1)
  2 bats
  3 endoplasms
  2 giant cockroaches (D:1)
  2 goblins (D:1)
  A hobgoblin (D:1)
  A kobold (D:1)
  A ball python (D:1)
14 creatures vanquished.

Notes
Turn   | Place    | Note
-------+----------+-------------------------------------------
     0 | D:1      | Alarkh the Demonspawn Hexslinger began the quest for the
                  | Orb.
     0 | D:1      | Reached XP level 1. HP: 15/15 MP: 2/2
   178 | D:1      | Gained mutation: You have sharp fingernails. [demonic
                  | ancestry]
   178 | D:1      | Reached XP level 2. HP: 20/21 MP: 3/3
   444 | D:1      | Found a faded altar of an unknown god.
   568 | D:1      | Slain by a gnoll

Illustrated notes

Levels and vault maps discovered:
D:1:      giann_forest_graveyard, layout_rooms,
          dilly_ecumenical_altar_fadedgnrine
D:2:      layout_basic

Skill      XL: |  1  2 |
---------------+-------+-----
Ranged Weapons | 2 3 |  3.1
Fighting       | |  1.0
Dodging        | |  1.7
Spellcasting   | |  1.0
Hexes          | |  3.0

Action                     || total
---------------------------++-------
   Fire: Sling             ||    76
    Use: Potion            ||     1
 Armour: Robe              ||     8
  Dodge: Dodged            ||    25
